 Dungeon Crawl Stone Soup version 0.25-a0-558-g78a2afb0af (webtiles) character file.

Game seed: 1798776345448673433, levelgen mode: deterministic

188 Cerrion the Shooter (level 5, 0/45 HPs)
             Began as a Centaur Hunter on Feb 24, 2020.
             Slain by a sixfirhy (11 damage)
             ... on level 1 of the Abyss.
             The game lasted 00:16:38 (2332 turns).

Cerrion the Shooter (Centaur Hunter)                Turns: 2332, Time: 00:16:38

Health: 0/45       AC:  6    Str: 15    XL:     5   Next: 39%
Magic:  5/5        EV:  7    Int: 10    God:
Gold:   137        SH:  0    Dex: 10    Spells: 4/4 levels left

rFire    . . .     SeeInvis .   a - +1 shortbow
rCold    . . .     Gourm    .   (shield currently unavailable)
rNeg     . . .     Faith    .   e - +0 scale mail
rPois    .         Spirit   .   (no helmet)
rElec    .         Reflect  .   (no cloak)
rCorr    .         Harm     .   (no gloves)
MR       .....                  (no barding)
Stlth    ..........             (no amulet)
HPRegen  0.15/turn              (no ring)
MPRegen  0.09/turn              (no ring)

@: very quick
A: large, hooves 3, deformed body, speed 2, tough skin 3
a: no special abilities


You were on level 1 of the Abyss.
You were not hungry.

You visited 1 branch of the dungeon, and saw 3 of its levels.
You visited the Abyss 1 time.

You collected 137 gold pieces.

Inventory:

Hand Weapons
 a - a +1 shortbow (weapon)
 b - a +0 short sword
Missiles
 d - 43 arrows (quivered)
Armour
 c - a +0 leather armour
 e - a +0 scale mail (worn)
 k - a +1 leather armour of cold resistance
Wands
 i - a wand of polymorph (9)
Scrolls
 g - a scroll of amnesia
 h - 2 scrolls of identify
Comestibles
 f - 5 rations


   Skills:
 + Level 3.3 Fighting
 + Level 7.6 Bows
 + Level 1.0 Armour
 + Level 1.6 Dodging
 + Level 0.4 Stealth


You had 4 spell levels left.
You didn't know any spells.
Your spell library was empty.

Dungeon Overview and Level Annotations

Branches:
Dungeon (3/15)

Altars:
Ashenzari
Gozag


Innate Abilities, Weirdness & Mutations

You have hooves in place of feet.
Armour fits poorly on your strangely shaped body.
You cover ground very quickly.
You have extremely tough skin. (AC +3)


Message History

Press: ? - help, Shift-Dir - straight line, f - sixfirhy
Aim: a sixfirhy (translocational energy, hasn't noticed you)
You shoot an arrow. The arrow closely misses the sixfirhy.
Firing (i - inventory)
d - 46 arrows (quivered)
Press: ? - help, Shift-Dir - straight line, f/p - sixfirhy
Aim: a sixfirhy (translocational energy)
You shoot an arrow. The arrow misses the sixfirhy.
Firing (i - inventory)
d - 45 arrows (quivered)
Press: ? - help, Shift-Dir - straight line, f/p - sixfirhy
Aim: a sixfirhy You shoot an arrow.
The arrow barely misses the sixfirhy.
The sixfirhy hits you. The sixfirhy shocks you!
Firing (i - inventory)
d - 44 arrows (quivered)
Press: ? - help, Shift-Dir - straight line, f/p - sixfirhy
Aim: a sixfirhy (translocational energy)
You shoot an arrow. The arrow misses the sixfirhy.
The sixfirhy hits you. The sixfirhy shocks you! The sixfirhy hits you!
* * * LOW HITPOINT WARNING * * *
The sixfirhy shocks you!
You die...

.... ...... ...
##...............#
#.................
...................
................#.
.................#
...................
...................
..........∩@...#
......∩....3......#
...............#...
............(#..#.
.#.....#.....#.#.#
[.. #........##....
...#...#.....# .#..
...........(.# . .
....#........


You could see a sixfirhy.

Vanquished Creatures
  An orc wizard (D:3)
  Natasha (thrice) (D:2)
  3 adders (D:2)
  A worm (D:2)
  A dart slug (D:2)
  3 leopard geckos
  2 orcs (D:3)
  4 giant cockroaches
  3 goblins
  4 hobgoblins
  2 jackals (D:1)
  10 kobolds
  2 quokkas (D:2)
  A ball python (D:2)
  6 bats
  A frilled lizard (D:3)
  4 rats
51 creatures vanquished.

Notes
Turn   | Place    | Note
-------+----------+-------------------------------------------
     0 | D:1      | Cerrion the Centaur Hunter began the quest for the Orb.
     0 | D:1      | Reached XP level 1. HP: 17/17 MP: 1/1
   206 | D:1      | Reached XP level 2. HP: 21/24 MP: 2/2
   339 | D:1      | Reached skill level 6 in Bows
   967 | D:2      | Reached XP level 3. HP: 29/29 MP: 3/3
  1139 | D:2      | Noticed Natasha
  1148 | D:2      | Killed Natasha
  1186 | D:2      | Found an opulent altar of Gozag.
  1194 | D:2      | Noticed Natasha
  1201 | D:2      | Killed Natasha
  1201 | D:2      | Reached XP level 4. HP: 9/38 MP: 4/4
  1466 | D:2      | Found an opulent altar of Gozag.
  1524 | D:2      | Found a shattered altar of Ashenzari.
  1874 | D:2      | Reached skill level 7 in Bows
  1967 | D:2      | Noticed Natasha
  1993 | D:2      | Killed Natasha
  1993 | D:2      | Reached XP level 5. HP: 25/45 MP: 5/5
  2304 | D:3      | Reached skill level 1 in Armour
  2307 | D:3      | Cast into level 1 of the Abyss (orc)
  2329 | Abyss:1  | Noticed a sixfirhy
  2332 | Abyss:1  | Slain by a sixfirhy

Levels and vault maps discovered:
D:1:      minmay_arrival_solitary_statue, layout_basic,
          corexii_leaking_fountain, minmay_misc_feat_pillars
D:2:      layout_loops_ring, lemuel_round_altar, grunt_gozag_statues,
          minivault_14, kennysheep_flooded_box, uniq_natasha
D:3:      layout_rooms, first_ration
Abyss:1:  base:
D:3

Skill      XL: |  1  2  3  4  5 |
---------------+----------------+-----
Bows           | 6 7 |  7.6
Fighting       | 3 |  3.3
Armour         | 1 |  1.0
Dodging        | |  1.6
Stealth        | |  0.4

Action                   |  1- 3 |  4- 6 || total
-------------------------+-------+-------++-------
Melee: Shortbow          |     2 |       ||     2
 Fire: Shortbow          |   106 |    91 ||   197
  Use: Scroll            |     3 |       ||     3
       Potion            |     2 |     4 ||     6
  Eat: Ration            |     1 |       ||     1
Armor: Scale mail        |    23 |    28 ||    51
Dodge: Dodged            |    20 |    16 ||    36

Table legend:
 A = Non-vault XP
 B = Vault XP
 C = Vault XP percentage of total XP
 D = Non-vault monster count
 E = Vault monster count
 F = Vault count percentage of total count
                 A         B        C        D         E       F
            +---------+---------+-------+---------+---------+-------
      Total |     234 |      35 |  13.0 |      50 |       1 |   2.0
            +---------+---------+-------+---------+---------+-------
        D:1 |      36 |       0 |   0.0 |      19 |       0 |   0.0
        D:2 |     145 |      35 |  19.4 |      24 |       1 |   4.0
        D:3 |      53 |       0 |   0.0 |       7 |       0 |   0.0
            +---------+---------+-------+---------+---------+-------
